 Dungeon Crawl Stone Soup version 0.18-a0-316-gf882de5 (webtiles) character file.

3192 Raultor the Martial Artist (level 9, 0/74 HPs)
             Began as a Black Draconian Transmuter on Nov 27, 2015.
             Was a Follower of Makhleb.
             Slain by a slime creature (9 damage)
             ... on level 6 of the Dungeon.
             The game lasted 00:28:27 (8009 turns).

Raultor the Martial Artist (DrTm)                   Turns: 8009, Time: 00:28:28

Health: 0/74       AC:  9    Str: 14    XL:     9   Next: 64%
Magic:  7/12       EV: 12    Int: 13    God:    Makhleb [*.....]
Gold:   186        SH:  0    Dex: 14    Spells: 3 memorised, 4 levels left

rFire  + . .     SeeInvis .       - Unarmed
rCold  . . .     Clarity  .     (armour unavailable)
rNeg   . . .     SustAt   .     (no shield)
rPois  .         Gourm    .     (helmet restricted)
rElec  +         Spirit   .     (no cloak)
rCorr  .         Warding  .     C - +0 pair of gloves
rMut   .         Stasis   .     x - +0 pair of boots
MR     .....                    (no amulet)
Stlth  ++........               A - ring of stealth
                                q - ring of protection from fire

@: not resistant to hostile enchantments, unstealthy
A: breathe lightning, unfitting armour, electricity resistance, cold-blooded, AC
+7
a: Breathe Lightning, Renounce Religion


You were on level 6 of the Dungeon.
You worshipped Makhleb.
Makhleb was aware of your devotion.
You were hungry.

You visited 2 branches of the dungeon, and saw 10 of its levels.

You collected 360 gold pieces.
You spent 174 gold pieces at shops.

Inventory:

Missiles
 a - 73 arrows
 o - 12 tomahawks (quivered)
 N - 16 arrows of flame
Armour
 x - a +0 pair of boots (worn)
 C - a +0 pair of gloves (worn)
Magical Staves
 b - an uncursed staff of wizardry
 M - an uncursed staff of fire
Jewellery
 p - an uncursed ring of fire
 q - a ring of protection from fire (left hand)
 t - a +2 ring of intelligence
 v - an uncursed ring of magical power
 A - a ring of stealth (right hand)
Wands
 J - a wand of cold (5)
Scrolls
 d - 4 scrolls of identify
 e - 4 scrolls of teleportation {unknown}
 f - 2 scrolls of enchant weapon {unknown}
 g - 2 scrolls of noise {unknown}
 i - a scroll of blinking {unknown}
 j - 3 scrolls of recharging {unknown}
 k - 2 scrolls of remove curse {unknown}
 m - 5 scrolls of amnesia {unknown}
 r - 2 scrolls of enchant armour {unknown}
 u - a scroll of vulnerability {unknown}
 y - a scroll of fog {unknown}
 I - a scroll of torment {unknown}
 K - a scroll of immolation {unknown}
Potions
 h - 4 potions of heal wounds
 s - 4 potions of curing
 z - a potion of agility
 D - a potion of cancellation
 E - a potion of berserk rage {unknown}
 G - a potion of might
 H - a potion of invisibility
Books
 F - a book of Changes

   Spells                             Type                      Level
   a - Beastly Appendage              Transmutation                1
   b - Sticks to Snakes               Transmutation                2
   c - Spider Form                    Transmutation/Poison         3
   d - Ice Form                       Ice/Transmutation            4
   e - Blade Hands                    Transmutation                5
 L - an Akashic Record

   Spells                             Type                      Level
   a - Dispersal                      Translocation                6
   b - Malign Gateway                 Summoning/Translocation      7
   c - Disjunction                    Translocation                8
   d - Controlled Blink               Translocation                8
Comestibles
 c - 3 bread rations
 l - a meat ration
 n - 9 fruits
 w - 3 beef jerkies
 B - a royal jelly
 O - 2 chunks of flesh


   Skills:
 + Level 5.1 Fighting
 - Level 2.3 Dodging
 + Level 9.4 Unarmed Combat
 - Level 2.5 Spellcasting
 + Level 9.1 Transmutations


You had 4 spell levels left.
You knew the following spells:

 Your Spells              Type           Power        Failure   Level  Hunger
a - Blade Hands           Trmt           ####......   17%         5    ######.
b - Spider Form           Trmt/Pois      ##........   12%         3    ###....
c - Beastly Appendage     Trmt           ####..       1%          1    #......


Dungeon Overview and Level Annotations

Branches:
Dungeon (9/15)             Temple (1/1) D:4
   Lair: D:8-11         Orc: D:9-12

Altars:
Ashenzari
Cheibriados
Dithmenos
Elyvilon
Fedhas
Gozag
Kikubaaqudgha
Makhleb
Nemelex Xobeh
Okawaru
Qazlal
Ru
Sif Muna
Trog
Vehumet
Xom
Yredelemnul
Zin
The Shining One

Shops:
D:6 !   D:7 (

Annotations:
D:8 Erica, Erolcha


Innate Abilities, Weirdness & Mutations

You can breathe wild blasts of lightning.
Your glossy black scales are hard (AC +7).
Your body does not fit into most forms of armour.
You are resistant to electric shocks.
You are cold-blooded and may be slowed by cold attacks.


Message History

The slime creature is severely wounded.
The slime creature closely misses you.
You barely miss the slime creature.
Your tail-slap misses the slime creature.
The slime creature is heavily wounded.
The slime creature hits you but does no damage.
You are feeling hungry.
You hit the slime creature.
The slime creature is severely wounded.
The slime creature hits you!
* * * LOW HITPOINT WARNING * * *
You punch the slime creature!
The slime creature is almost dead.
The slime creature barely misses you.
You barely miss the slime creature.
The slime creature is almost dead.
You punch the slime creature!
The slime creature is almost dead.
The slime creature hits you!
You die...

..............##.########
#.########.#####.#
#.########.# #.#
#..........# #.#
#.########## #.# ...##
#.# ....### #.# ......#
#J# ....#.# #@# ...##.#
#.# #.###.##########.#
#................#
#..#.############# ...#.#
#..#.# ...#.# ##.#.#


You could see a slime creature.

Vanquished Creatures
  Pikel (D:4)
  Grinder (D:4)
  A wraith (D:6)
  3 slaves (D:4)
  Duvessa (D:4)
  A phantom (D:6)
  An orc warrior (D:8)
  An ice beast (D:5)
  4 ogres
  A centaur (D:4)
  Dowan (D:4)
  A big kobold (D:8)
  A giant frog (D:8)
  3 scorpions
  3 wights (D:8)
  A wasp zombie (D:9)
  A centaur zombie (D:9)
  2 iguanas
  An orc priest (D:5)
  A centaur skeleton (D:4)
  7 orc wizards
  3 hounds (D:7)
  4 worker ants
  Natasha (thrice) (D:4)
  A giant frog skeleton (D:5)
  A killer bee zombie (D:8)
  A hound skeleton (D:7)
  9 adders
  2 oozes
  2 adder skeletons
  An adder zombie (D:5)
  5 worms
  5 giant geckos
  15 orcs
  A ball python (D:1)
  12 bats
  A giant cockroach (D:6)
  6 hobgoblins
  8 jackals
  5 quokkas
  A giant gecko zombie (D:5)
  7 giant newts
  7 goblins
  12 kobolds
  A quokka skeleton (D:4)
  11 rats
161 creatures vanquished.

Notes
Turn   | Place    | Note
--------------------------------------------------------------
     0 | D:1      | Raultor the Draconian Transmuter began the quest for the Orb.
     0 | D:1      | Reached XP level 1. HP: 16/16 MP: 3/3
   193 | D:1      | Reached XP level 2. HP: 15/23 MP: 5/5
   685 | D:1      | Reached skill level 4 in Unarmed Combat
   712 | D:1      | Reached XP level 3. HP: 23/28 MP: 6/6
  1521 | D:2      | Found a basalt altar of Yredelemnul.
  1560 | D:2      | Found a blossoming altar of Fedhas.
  1627 | D:2      | Reached XP level 4. HP: 35/35 MP: 7/7
  1781 | D:2      | Learned a level 3 spell: Spider Form
  1942 | D:3      | Found a shadowy altar of Dithmenos.
  1997 | D:3      | Reached skill level 5 in Unarmed Combat
  2844 | D:3      | Reached XP level 5. HP: 28/40 MP: 8/8
  2863 | D:3      | Reached skill level 6 in Unarmed Combat
  3316 | D:3      | Found a shattered altar of Ashenzari.
  3482 | D:4      | Found a white marble altar of Elyvilon.
  3490 | D:4      | Reached XP level 6. HP: 30/47 MP: 9/9
  3721 | D:4      | Found a radiant altar of Vehumet.
  3722 | D:4      | Found a basalt altar of Yredelemnul.
  3824 | D:4      | Noticed Duvessa
  3824 | D:4      | Noticed Dowan
  3853 | D:4      | Reached skill level 7 in Unarmed Combat
  3894 | D:4      | Noticed Grinder
  3896 | D:4      | Paralysed by Grinder for 7 turns
  3924 | D:4      | Killed Grinder
  3924 | D:4      | Reached skill level 8 in Unarmed Combat
  3924 | D:4      | Your scales start taking on a glossy black colour.
  3924 | D:4      | Gained mutation: You are resistant to electric shocks. [Black Draconian growth]
  3924 | D:4      | Reached XP level 7. HP: 33/52 MP: 10/10
  3944 | D:4      | Noticed Natasha
  3953 | D:4      | Killed Natasha
  4026 | D:4      | Found a staircase to the Ecumenical Temple.
  4048 | Temple   | Entered the Ecumenical Temple
  4112 | Temple   | Became a worshipper of Makhleb the Destroyer
  4400 | D:4      | Noticed Pikel
  4590 | D:4      | Killed Pikel
  4590 | D:4      | Reached XP level 8. HP: 34/59 MP: 11/11
  4878 | D:4      | Reached skill level 5 in Transmutations
  5043 | D:4      | Noticed Natasha
  5052 | D:4      | Killed Natasha
  5434 | D:4      | Killed Duvessa
  5434 | D:4      | Reached skill level 9 in Unarmed Combat
  5488 | D:4      | Killed Dowan
  5489 | D:4      | Noticed Natasha
  5490 | D:4      | Killed Natasha
  5523 | D:5      | Entered Level 5 of the Dungeon
  5933 | D:5      | Found a shimmering altar of Xom.
  6812 | D:6      | Found Ijowob's Distillery.
  6821 | D:6      | Bought a potion of mutation for 30 gold pieces
  6821 | D:6      | Bought a potion of might for 48 gold pieces
  6821 | D:6      | Bought a potion of invisibility for 96 gold pieces
  6940 | D:6      | You fall through a shaft for 3 floors!
  6999 | D:9      | Reached XP level 9. HP: 67/70 MP: 12/12
  7192 | D:8      | Learned a level 5 spell: Blade Hands
  7277 | D:8      | Reached * piety under Makhleb
  7317 | D:8      | Noticed Erolcha
  7323 | D:8      | Noticed Erica
  7688 | D:7      | Found Boczam's Antique Weapon Boutique.
  7697 | D:7      | Found a bloodstained altar of Trog.
  7835 | D:7      | Found a sparkling altar of Nemelex Xobeh.
  7971 | D:7      | Reached skill level 5 in Fighting
  8009 | D:6      | Slain by a slime creature

Vault maps used:
D:1:      zaba_arrival_water, minivault_26
D:2:      fedhas_altar_fruit_tree, yredelemnul_altar_generic
D:3:      overflow_temple_1_default, lemuel_crystal_altar, minmay_joined_circles
D:4:      minitemple, minmay_temple_entry_poolview, elyvilon_altar_5,
          uniq_grinder, uniq_duvessa, uniq_natasha, uniq_pikel
D:5:      lemuel_upstairs_altar, lemuel_round_altar, first_bread,
          interstate_on_off
D:6:      serial_shops, nicolae_shop_stone
D:7:      nemelex_deck, serial_shops, shop, bloody_trog
D:8:      uniq_erolcha, uniq_erica
D:9:      lair_0_dummy
Temple:   eino_temple_water_12

Action                   |  1- 3 |  4- 6 |  7- 9 || total
-------------------------+-------+-------+-------++-------
Melee: Unarmed           |   196 |   224 |   334 ||   754
Throw: Tomahawk          |       |       |     5 ||     5
 Cast: Beastly Appendage |       |     1 |       ||     1
       Blade Hands       |       |       |     7 ||     7
 Abil: Breathe Lightning |       |       |     7 ||     7
  Use: Potion            |     1 |     2 |     4 ||     7
       Scroll            |       |       |     2 ||     2
 Stab: Sleeping          |     1 |       |     2 ||     3
       Distracted        |       |       |     1 ||     1
  Eat: Chunk             |     2 |     7 |    12 ||    21
       Meat ration       |       |       |     1 ||     1
       Fruit             |       |       |     1 ||     1
